MID
LAKE COUNTY CAPTAINS @ BELOIT SNAPPERS
08/05/2044
 
TOP OF THE 1ST
Lake County Captains batting - Pitching for Beloit Snappers : RHP Jaylen Walker
Pitching: RHP Jaylen Walker
Batting: RHB Toki Takeuchi 0-0: Ball
1-0: Swinging Strike
1-1: Foul Ball, location: 2F
1-2: Strikes out looking
Batting: LHB Yasuo Igarashi 0-0: Called Strike
0-1: Ball
1-1: Swinging Strike
1-2: Strikes out swinging
Batting: LHB Justin Rankin 0-0: Called Strike
0-1: Ball
1-1: Called Strike
1-2: Strikes out swinging
Top of the 1st over - 0 runs, 0 hits, 0 errors, 0 left on base; Lake County 0 - Beloit 0
BOTTOM OF THE 1ST
Beloit Snappers batting - Pitching for Lake County Captains : RHP Rainer Von Croy
Pitching: RHP Rainer Von Croy
Batting: RHB Willie de los Santos 0-0: Ball
1-0: Foul Ball, location: 2F
1-1: Foul Ball, location: 2F
1-2: Ball
2-2: Ball
3-2: Foul Ball, location: 2F
3-2: Base on Balls
Batting: RHB Dan Boylan 0-0: Ball
Willie de los Santos steals 2nd base
1-0: Foul Ball, location: 2F
1-1: Called Strike
1-2: DOUBLE (Line Drive, 9LS, EV 94.4 MPH)
Willie de los Santos scores
Batting: RHB Diwan Abdul-Salam 0-0: Ball
1-0: Ground out 5-3 (Groundball, 56S, EV 87.5 MPH)
Batting: RHB Scott Wiggs 0-0: Called Strike
0-1: Swinging Strike
0-2: Ball
1-2: Strikes out swinging
Batting: RHB Manny Vizzerra 0-0: Swinging Strike
Balk!
Dan Boylan to third
0-1: Ball
1-1: Ball
2-1: Foul Ball, location: 2F
2-2: Strikes out swinging
Bottom of the 1st over - 1 run, 1 hit, 0 errors, 1 left on base; Lake County 0 - Beloit 1
TOP OF THE 2ND
Lake County Captains batting - Pitching for Beloit Snappers : RHP Jaylen Walker
Batting: SHB Charlie Diesel 0-0: Ball
1-0: Fly out, F7 (Flyball, 78XD, EV 93.1 MPH)
Batting: RHB Adrian Martinelli 0-0: DOUBLE (Flyball, 89D, EV 98.1 MPH)
Batting: LHB Tim Fuller 0-0: 2-RUN HOME RUN (Flyball, 8RXD, EV 111.9 MPH), Distance : 419 ft
Batting: LHB Danny Moreno 0-0: Ball
1-0: Ball
2-0: Ball
3-0: Called Strike
3-1: Ground out 4-3 (Groundball, 34, EV 97.5 MPH)
Batting: LHB Ubbe de Bruin 0-0: Ground out 5-3 (Groundball, 5, EV 102.5 MPH)
Top of the 2nd over - 2 runs, 2 hits, 0 errors, 0 left on base; Lake County 2 - Beloit 1
BOTTOM OF THE 2ND
Beloit Snappers batting - Pitching for Lake County Captains : RHP Rainer Von Croy
Batting: RHB Rick Linders 0-0: Called Strike
0-1: Ball
1-1: Foul Ball, location: 2F
1-2: SOLO HOME RUN (Flyball, 9D, EV 100.0 MPH), Distance : 370 ft
Batting: RHB Travis Lanctot 0-0: Ball
1-0: Foul Ball, location: 2F
1-1: Ground out 6-3 (Groundball, 6, EV 103.1 MPH)
Batting: LHB Raita Inouye 0-0: Foul Ball, location: 2F
0-1: DOUBLE (Groundball, 5L, EV 101.3 MPH)
Batting: RHB Brian Rathbun 0-0: Called Strike
0-1: Ball
1-1: Ball
2-1: Called Strike
2-2: Fly out, F8 (Flyball, 8LD, EV 95.0 MPH)
Batting: RHB Willie de los Santos 0-0: Called Strike
0-1: Foul Ball, location: 2F
0-2: Hit by Pitch
Batting: RHB Dan Boylan 0-0: Ball
1-0: Foul Ball, location: 2F
1-1: Ball
2-1: Fly out, F9 (Flyball, 9, EV 90.0 MPH)
Bottom of the 2nd over - 1 run, 2 hits, 0 errors, 2 left on base; Lake County 2 - Beloit 2
TOP OF THE 3RD
Lake County Captains batting - Pitching for Beloit Snappers : RHP Jaylen Walker
Batting: LHB Alan Kelly 0-0: Fly out, F9 (Line Drive, 9, EV 93.8 MPH)
Batting: RHB Toki Takeuchi 0-0: Ball
1-0: SINGLE (Line Drive, 8LS, EV 87.5 MPH)
Batting: LHB Yasuo Igarashi 0-0: Ball
Toki Takeuchi steals 2nd base
1-0: Ball
2-0: Swinging Strike
2-1: Foul Ball, location: 2F
2-2: Ball
3-2: Strikes out looking
Batting: LHB Justin Rankin 0-0: Called Strike
0-1: Swinging Strike
0-2: Foul Ball, location: 2F
0-2: Fly out, F8 (Flyball, 8LM, EV 81.9 MPH)
Top of the 3rd over - 0 runs, 1 hit, 0 errors, 1 left on base; Lake County 2 - Beloit 2
BOTTOM OF THE 3RD
Beloit Snappers batting - Pitching for Lake County Captains : RHP Rainer Von Croy
Batting: RHB Diwan Abdul-Salam 0-0: Called Strike
0-1: Ball
1-1: Foul Ball, location: 2F
1-2: Ball
2-2: Strikes out looking
Batting: RHB Scott Wiggs 0-0: Called Strike
0-1: Ball
1-1: Fly out, F9 (Flyball, 9LM, EV 89.4 MPH)
Batting: RHB Manny Vizzerra 0-0: Called Strike
0-1: Called Strike
0-2: Ball
1-2: Foul Ball, location: 2F
1-2: Strikes out looking
Bottom of the 3rd over - 0 runs, 0 hits, 0 errors, 0 left on base; Lake County 2 - Beloit 2
TOP OF THE 4TH
Lake County Captains batting - Pitching for Beloit Snappers : RHP Jaylen Walker
Batting: SHB Charlie Diesel 0-0: Ball
1-0: Swinging Strike
1-1: Called Strike
1-2: SINGLE (Line Drive, 9S, EV 111.3 MPH)
Batting: RHB Adrian Martinelli 0-0: Ball
1-0: Called Strike
1-1: Foul Ball, location: 2F
1-2: Ball
2-2: Ball
3-2: Base on Balls
Charlie Diesel to second
Batting: LHB Tim Fuller 0-0: Ball
1-0: Foul Ball, location: 2F
1-1: SINGLE (Groundball, 56D, EV 103.8 MPH)
Charlie Diesel to third
Adrian Martinelli to second
Batting: LHB Danny Moreno 0-0: Foul Ball, location: 2F
0-1: Ball
1-1: Swinging Strike
1-2: Strikes out swinging
Batting: LHB Ubbe de Bruin 0-0: Called Strike
0-1: Grounds into double play, 6-4-3 (Groundball, 6S, EV 90.0 MPH)
Top of the 4th over - 0 runs, 2 hits, 0 errors, 2 left on base; Lake County 2 - Beloit 2
BOTTOM OF THE 4TH
Beloit Snappers batting - Pitching for Lake County Captains : RHP Rainer Von Croy
Batting: RHB Rick Linders 0-0: Ball
1-0: Foul Ball, location: 2F
1-1: Ball
2-1: Ball
3-1: Base on Balls
Batting: RHB Travis Lanctot 0-0: Foul Ball, location: 2F
0-1: Fly out, F7 (Flyball, 7S, EV 91.3 MPH)
Batting: LHB Raita Inouye 0-0: Ball
1-0: Called Strike
1-1: Called Strike
1-2: Foul Ball, location: 2F
1-2: Foul Ball, location: 2F
1-2: Ball
2-2: Strikes out swinging
Batting: RHB Brian Rathbun 0-0: Called Strike
0-1: Fly out, F5 (Line Drive, 5, EV 71.3 MPH)
Bottom of the 4th over - 0 runs, 0 hits, 0 errors, 1 left on base; Lake County 2 - Beloit 2
TOP OF THE 5TH
Lake County Captains batting - Pitching for Beloit Snappers : RHP Jaylen Walker
Batting: LHB Alan Kelly 0-0: Swinging Strike
0-1: Called Strike
0-2: Fly out, F8 (Line Drive, 8LD, EV 87.5 MPH)
Batting: RHB Toki Takeuchi 0-0: Ball
1-0: Ball
2-0: Foul Ball, location: 2F
2-1: DOUBLE (Line Drive, 89D, EV 100.6 MPH)
Batting: LHB Yasuo Igarashi 0-0: Ball
Toki Takeuchi steals 3rd base
1-0: Ball
2-0: Called Strike
2-1: Foul Ball, location: 2F
2-2: Strikes out swinging
Batting: LHB Justin Rankin 0-0: SINGLE (Groundball, 34D, EV 97.5 MPH)
Toki Takeuchi scores
Batting: SHB Charlie Diesel 0-0: Ball
1-0: Called Strike
1-1: Ball
Justin Rankin steals 2nd base
2-1: Swinging Strike
2-2: Ball
3-2: Fly out, F5 (Popup, 6S, EV 81.3 MPH)
Top of the 5th over - 1 run, 2 hits, 0 errors, 1 left on base; Lake County 3 - Beloit 2
BOTTOM OF THE 5TH
Beloit Snappers batting - Pitching for Lake County Captains : RHP Rainer Von Croy
Batting: RHB Willie de los Santos 0-0: Foul Ball, location: 2F
0-1: Ball
1-1: Foul Ball, location: 2F
1-2: SINGLE (Groundball, 6MD, EV 96.9 MPH)
Pitching: LHP Aaron Manees
Batting: RHB Dan Boylan 0-0: Called Strike
0-1: Ball
1-1: Called Strike
1-2: Ball
2-2: Foul Ball, location: 2F
2-2: Ball
3-2: Foul Ball, location: 2F
3-2: Fielders Choice at 2nd, 6-4 (Groundball, 56D, EV 105.6 MPH)
Batting: RHB Diwan Abdul-Salam 0-0: Ball
1-0: Ball
2-0: Ball
3-0: Base on Balls
Dan Boylan to second
Batting: RHB Scott Wiggs 0-0: Ball
Dan Boylan is caught stealing 3rd base 2-5
1-0: Ball
2-0: Ball
3-0: Called Strike
3-1: Base on Balls
Diwan Abdul-Salam to second
Batting: RHB Manny Vizzerra 0-0: Swinging Strike
0-1: Foul Ball, location: 2F
0-2: Ball
1-2: Ball
2-2: Strikes out swinging
Bottom of the 5th over - 0 runs, 1 hit, 0 errors, 2 left on base; Lake County 3 - Beloit 2
TOP OF THE 6TH
Lake County Captains batting - Pitching for Beloit Snappers : RHP Jaylen Walker
Batting: RHB Adrian Martinelli 0-0: Foul Ball, location: 2F
0-1: Foul Ball, location: 2F
0-2: SINGLE (Groundball, 56S, EV 65.0 MPH) (infield hit)
Batting: LHB Tim Fuller 0-0: Ground out 1-3 (Groundball, P, EV 70.6 MPH)
Adrian Martinelli to second
Batting: LHB Danny Moreno 0-0: Called Strike
0-1: Swinging Strike
0-2: TRIPLE (Line Drive, 9LD, EV 110.0 MPH)
Adrian Martinelli scores
Batting: LHB Ubbe de Bruin 0-0: Intentional Walk
Batting: LHB Alan Kelly 0-0: Ball
Ubbe de Bruin steals 2nd base
1-0: Foul Ball, location: 2F
1-1: Ball
2-1: Foul Ball, location: 2F
2-2: Hit by Pitch
Batting: RHB Toki Takeuchi 0-0: Foul Ball, location: 2F
0-1: Called Strike
0-2: Grounds into fielders choice 1-2 (Groundball, 13S, EV 66.3 MPH)
Ubbe de Bruin to third
Alan Kelly to second
Batting: LHB Yasuo Igarashi 0-0: Foul Ball, location: 2F
0-1: Ground out 4-3 (Groundball, 4, EV 80.6 MPH)
Top of the 6th over - 1 run, 2 hits, 0 errors, 3 left on base; Lake County 4 - Beloit 2
BOTTOM OF THE 6TH
Beloit Snappers batting - Pitching for Lake County Captains : LHP Aaron Manees
Batting: RHB Rick Linders 0-0: Ball
1-0: Called Strike
1-1: Ball
2-1: Ball
3-1: Swinging Strike
3-2: Strikes out swinging
Pitching: RHP Malachi Shelton
Batting: RHB Travis Lanctot 0-0: Swinging Strike
0-1: Ball
1-1: Ball
2-1: Reached on error, E3 (Groundball, 3S, EV 61.9 MPH)
Batting: LHB Raita Inouye 0-0: Called Strike
Travis Lanctot steals 2nd base
0-1: Swinging Strike
0-2: Foul Ball, location: 2F
0-2: Ball
1-2: Ground out 4-3 (Groundball, 4, EV 86.3 MPH)
Travis Lanctot to third
Batting: RHB Brian Rathbun 0-0: Ball
1-0: Foul Ball, location: 2F
1-1: Ball
2-1: Foul Ball, location: 2F
2-2: Ground out 6-3 (Groundball, 6, EV 75.6 MPH)
Bottom of the 6th over - 0 runs, 0 hits, 1 error, 1 left on base; Lake County 4 - Beloit 2
TOP OF THE 7TH
Lake County Captains batting - Pitching for Beloit Snappers : RHP Jaylen Walker
Pitching: RHP Mike Bowling
Batting: LHB Justin Rankin 0-0: Called Strike
0-1: Foul Ball, location: 2F
0-2: Ball
1-2: Strikes out swinging
Batting: SHB Charlie Diesel 0-0: Called Strike
0-1: Ball
1-1: Ball
2-1: Ball
3-1: Fly out, F7 (Flyball, 7, EV 88.8 MPH)
Batting: RHB Adrian Martinelli 0-0: Ball
1-0: Ball
2-0: Foul Ball, location: 2F
2-1: Foul Ball, location: 2F
2-2: Foul Ball, location: 2F
2-2: Ball
3-2: Fly out, F5 (Popup, 5SF, EV 70.6 MPH)
Top of the 7th over - 0 runs, 0 hits, 0 errors, 0 left on base; Lake County 4 - Beloit 2
BOTTOM OF THE 7TH
Beloit Snappers batting - Pitching for Lake County Captains : RHP Malachi Shelton
Batting: RHB Willie de los Santos 0-0: Called Strike
0-1: Called Strike
0-2: Ball
1-2: Ball
2-2: Ground out 5-3 (Groundball, 5S, EV 87.5 MPH)
Pinch Hitting: LHB Nick Pacheco 0-0: Swinging Strike
0-1: Ground out 6-3 (Groundball, 6, EV 86.3 MPH)
Batting: RHB Diwan Abdul-Salam 0-0: Called Strike
0-1: Hit by Pitch
Batting: RHB Scott Wiggs 0-0: Ball
1-0: Ball
2-0: Swinging Strike
2-1: Ball
3-1: Base on Balls
Diwan Abdul-Salam to second
Pinch Hitting: SHB D.J. Codd 0-0: Ball
1-0: Called Strike
1-1: Swinging Strike
1-2: Foul Ball, location: 2F
1-2: Ball
Passed Ball!
Diwan Abdul-Salam to third
Scott Wiggs to second
2-2: Strikes out looking
Bottom of the 7th over - 0 runs, 0 hits, 0 errors, 2 left on base; Lake County 4 - Beloit 2
TOP OF THE 8TH
Lake County Captains batting - Pitching for Beloit Snappers : RHP Mike Bowling
Now at 1B: Nick Pacheco
Now in RF: D.J. Codd
Batting: LHB Tim Fuller 0-0: Swinging Strike
0-1: Ball
1-1: Ball
2-1: Foul Ball, location: 2F
2-2: Foul Ball, location: 2F
2-2: Foul Ball, location: 2F
2-2: Strikes out looking
Batting: LHB Danny Moreno 0-0: Called Strike
0-1: Ball
1-1: Swinging Strike
1-2: Ball
2-2: Foul Ball, location: 2F
2-2: Strikes out swinging
Batting: LHB Ubbe de Bruin 0-0: Foul Ball, location: 2F
0-1: Foul Ball, location: 2F
0-2: Strikes out swinging
Top of the 8th over - 0 runs, 0 hits, 0 errors, 0 left on base; Lake County 4 - Beloit 2
BOTTOM OF THE 8TH
Beloit Snappers batting - Pitching for Lake County Captains : RHP Malachi Shelton
Pitching: RHP En-guo Tsu
Batting: RHB Rick Linders 0-0: Called Strike
0-1: Ground out 4-3 (Groundball, 4, EV 84.4 MPH)
Pinch Hitting: LHB Tom Raupp 0-0: Called Strike
0-1: Foul Ball, location: 2F
0-2: Ball
1-2: Strikes out swinging
Batting: LHB Raita Inouye 0-0: Ball
1-0: Ball
2-0: Ball
3-0: Base on Balls
Batting: RHB Brian Rathbun 0-0: Called Strike
0-1: Ground out 4-3 (Groundball, 4M, EV 91.9 MPH)
Bottom of the 8th over - 0 runs, 0 hits, 0 errors, 1 left on base; Lake County 4 - Beloit 2
TOP OF THE 9TH
Lake County Captains batting - Pitching for Beloit Snappers : RHP Mike Bowling
Pitching: RHP Ubbe Dekker
Now at SS: Manny Moron
Batting: LHB Alan Kelly 0-0: Called Strike
0-1: Swinging Strike
0-2: Strikes out swinging
Batting: RHB Toki Takeuchi 0-0: Ball
1-0: Called Strike
1-1: Swinging Strike
1-2: Ground out 6-3 (Groundball, 6, EV 82.5 MPH)
Batting: LHB Yasuo Igarashi 0-0: Called Strike
0-1: Swinging Strike
0-2: Strikes out swinging
Top of the 9th over - 0 runs, 0 hits, 0 errors, 0 left on base; Lake County 4 - Beloit 2
BOTTOM OF THE 9TH
Beloit Snappers batting - Pitching for Lake County Captains : RHP En-guo Tsu
Pitching: RHP Ryan Southerland
Batting: RHB Willie de los Santos 0-0: Called Strike
0-1: Swinging Strike
0-2: Ball
1-2: Ball
2-2: Ball
3-2: SINGLE (Line Drive, 8RS, EV 104.4 MPH)
Batting: LHB Nick Pacheco 0-0: Ball
1-0: Swinging Strike
1-1: SINGLE (Flyball, 78S, EV 91.3 MPH)
Willie de los Santos to second
Batting: RHB Diwan Abdul-Salam 0-0: Swinging Strike
0-1: Called Strike
0-2: Ball
1-2: Strikes out swinging
Batting: RHB Scott Wiggs 0-0: Called Strike
0-1: Foul Ball, location: 2F
0-2: Foul Ball, location: 2F
0-2: Ball
1-2: Ball
Wild Pitch!
Willie de los Santos to third
Nick Pacheco to second
2-2: Foul Ball, location: 2F
2-2: Strikes out looking
Batting: SHB D.J. Codd 0-0: Ball
1-0: Ball
2-0: Called Strike
2-1: Swinging Strike
2-2: Ball
3-2: Foul Ball, location: 2F
3-2: Base on Balls
Batting: RHB Rick Linders 0-0: Ball
1-0: Swinging Strike
1-1: Foul Ball, location: 2F
1-2: Fielders Choice at 2nd, 5-4 (Groundball, 56, EV 108.1 MPH)
Bottom of the 9th over - 0 runs, 2 hits, 0 errors, 3 left on base; Lake County 4 - Beloit 2
Thursday, March 31st , 2022 - OOTP Baseball 22.12 Build 89